[Event "Late-Titled-Tuesday-Blitz-September-19-2023"]
[Site "Chess.com"]
[Date "2023.09.19"]
[Round "10"]
[White "chessdjw"]
[Black "Arystanner"]
[Result "0-1"]
[WhiteElo "2689"]
[BlackElo "2812"]
[TimeControl "180+1"]
[EndTime "15:55:24 PDT"]
[Termination "Arystanner won on time"]

1. d4 d5 2. c4 e6 3. Nf3 Nf6 4. g3 Be7 5. Bg2 O-O 6. O-O c6 7. Qc2 b6 8. Rd1 Nbd7 9. b3 Bb7 10. Nc3 Ba6 11. h4 dxc4 12. Ne5 Nxe5 13. dxe5 Nd5 14. bxc4 Bxc4 15. a3 Qc7 16. Ne4 b5 17. Bb2 Rfd8 18. Ng5 Bxg5 19. hxg5 Qe7 20. Bc1 a5 21.
Be4 g6 22. Kg2 Rac8 23. Rh1 Nb6 24. Be3 Nd5 25. Bxd5 cxd5 26. Qb2 d4 27. Bxd4 Qb7+ 28. f3 Bxe2 29. Qxe2 Rxd4 30. Rac1 Rdc4 31. Rxc4 Rxc4 32. Qd3 Qc7 33. Re1 Kg7 34. Kh3 Qc5 35. Qd8 Qd5 36. Qf6+ Kg8 37. Rb1 Rc5 38. Rb2 Qxe5 0-1

[Event "Late-Titled-Tuesday-Blitz-September-19-2023"]
[Site "Chess.com"]
[Date "2023.09.19"]
[Round "10"]
[White "Lennis93"]
[Black "dawid498"]
[Result "1-0"]
[WhiteElo "2744"]
[BlackElo "2665"]
[TimeControl "180+1"]
[EndTime "15:55:24 PDT"]
[Termination "Lennis93 won by checkmate"]

1. e4 c5 2. Nf3 e6 3. b3 b6 4. Bd3 Nc6 5. O-O Nf6 6. Re1 e5 7. Nc3 d6 8. Bc4 h6 9. Nd5 g5 10. d3 Bg7 11. Nd2 O-O 12. Nxf6+ Qxf6 13. Bd5 Bd7 14. c3 Rad8 15. Nc4 Ne7 16. Ne3 Nxd5 17. Nxd5 Qe6 18. a4 f5 19. a5 b5 20. a6 f4 21.
b4 cxb4 22. cxb4 Bc6 23. Nc3 f3 24. Re3 fxg2 25. Rg3 Rf7 26. Be3 Rdf8 27. Qh5 d5 28. Bc5 dxe4 29. Nxe4 Bxe4 30. dxe4 Rd8 31. h4 gxh4 32.
Qxh4 Rc8 33. Be3 Kh8 34. Kxg2 Rc6 35. Rh1 Kg8 36. Qd8+ Kh7 37. Rxh6+ Qxh6 38. Bxh6 Kxh6 39.
Qh4# 1-0

[Event "Late-Titled-Tuesday-Blitz-September-19-2023"]
[Site "Chess.com"]
[Date "2023.09.19"]
[Round "10"]
[White "Bilan_Danila"]
[Black "egnfanclub"]
[Result "1-0"]
[WhiteElo "2568"]
[BlackElo "2377"]
[TimeControl "180+1"]
[EndTime "15:55:31 PDT"]
[Termination "Bilan_Danila won by resignation"]

1. d4 d5 2. Nf3 Nf6 3. c4 c6 4. Nc3 dxc4 5. a4 Bf5 6. e3 e6 7. Bxc4 Bb4 8. O-O O-O 9. Qe2 Nbd7 10. e4 Bg4 11. Rd1 Qc7 12. h3 Bxf3 13. Qxf3 e5 14. Qg3 Rac8 15. dxe5 Qxe5 16. Bf4 Qe7 17. Bh6 Nh5 18. Qg4 Ndf6 19. Qg5 Kh8 20. e5 gxh6 21. exf6 hxg5 22. fxe7 Bxe7 23. Rd7 Bf6 24. Rxb7 Kg7 25.
Rd1 Rb8 26. Rdd7 Rxb7 27. Rxb7 a5 28. Ne4 Nf4 29. g3 Nd5 30. Nd6 Be5 31. Nf5+ Kf6 32. g4 h5 33. Bxd5 cxd5 34. Rb6+ Bd6 35. Rxd6+ Ke5 36.
Ra6 hxg4 37. hxg4 d4 38. Rxa5+ Ke4 39. Rb5 Rc8 40. Rb4 Rc1+ 41. Kg2 Rd1 42. Nxd4 Rxd4 43. Rxd4+ Kxd4 44. Kf3 1-0

[Event "Late-Titled-Tuesday-Blitz-September-19-2023"]
[Site "Chess.com"]
[Date "2023.09.19"]
[Round "10"]
[White "TEREZANA"]
[Black "Defenstrator"]
[Result "1-0"]
[WhiteElo "2482"]
[BlackElo "2339"]
[TimeControl "180+1"]
[EndTime "15:55:31 PDT"]
[Termination "TEREZANA won on time"]

1. d4 e6 2. Nf3 d5 3. c3 b5 4. Bf4 Bd6 5. Bg3 Nf6 6. Nbd2 c5 7.
e3 c4 8. Qc2 Bb7 9. Be2 O-O 10.
O-O Bxg3 11. hxg3 a5 12. Ne5 Nc6 13. Nxc6 Bxc6 14. Bf3 b4 15. Nxc4 bxc3 16. Ne5 cxb2 17. Qxb2 Be8 18. Rab1 Rc8 19. Rfc1 Nd7 20. Nc6 Rxc6 21.
Rxc6 Ne5 22. Rc5 Nc4 23. Qb8 Qf6 24. Qf4 Qg6 25. Rb8 f6 26. Rcc8 Qf7 27. Rc7 Qg6 28. e4 e5 29. Qg4 dxe4 30. Qe6+ Kh8 31. Qe7 1-0

[Event "Late-Titled-Tuesday-Blitz-September-19-2023"]
[Site "Chess.com"]
[Date "2023.09.19"]
[Round "10"]
[White "stasOR4ik"]
[Black "Miguelitro69"]
[Result "1-0"]
[WhiteElo "2440"]
[BlackElo "2296"]
[TimeControl "180+1"]
[EndTime "15:55:31 PDT"]
[Termination "stasOR4ik won on time"]

1. e4 c5 2. c3 d5 3. exd5 Qxd5 4.
Nf3 Nc6 5. d4 Bg4 6. Be2 cxd4 7.
cxd4 Nf6 8. Nc3 Qa5 9. O-O e6 10.
Re1 Be7 11. h3 Bh5 12. Ne5 Bxe2 13. Rxe2 O-O 14. Nxc6 bxc6 15. Bf4 Rfd8 16. Be5 Nd7 17.
Qc2 Nxe5 18. dxe5 Rab8 19. b3 Rb4 20. Rc1 Rbd4 21. Na4 c5 22. Qc3 Qc7 23. Nb2 h6 24.
Nc4 Rd3 25. Qa5 Qb8 26. Re4 R3d4 27. Rxd4 cxd4 28. Qa6 d3 29. Rd1 Bc5 30. Na5 Qxe5 31. Nc6 1-0

[Event "Late-Titled-Tuesday-Blitz-September-19-2023"]
[Site "Chess.com"]
[Date "2023.09.19"]
[Round "10"]
[White "dropstoneDP"]
[Black "sergoy"]
[Result "1-0"]
[WhiteElo "3056"]
[BlackElo "2917"]
[TimeControl "180+1"]
[EndTime "15:55:32 PDT"]
[Termination "dropstoneDP won by resignation"]

1. e4 c6 2. d4 d5 3. e5 Bf5 4. Nd2 e6 5. Nb3 Nd7 6. Nf3 h6 7. Be2 Ne7 8. O-O g5 9. Ne1 Qc7 10. f4 c5 11. fxg5 c4 12. Nd2 hxg5 13. Ndf3 g4 14. Ng5 f6 15. Bxg4 fxg5 16. Bxg5 O-O-O 17. Bxf5 exf5 18. c3 Qc6 19. Qf3 Re8 20. Nc2 Bh6 21. Bxe7 Rxe7 22. Nb4 Qg6 23. Nxd5 Rg7 24. Rae1 Qe6 25. Re2 Rhg8 26. Kh1 f4 27. b3 cxb3 28. axb3 Rh8 29. c4 Qg6 30. e6 Nb6 31. Nxf4 Qf5 32. d5 Kb8 33. e7 Nc8 34. e8=Q Rxe8 35. Rxe8 Bxf4 36. Qxf4+ Qxf4 37. Rxf4 1-0

[Event "Late-Titled-Tuesday-Blitz-September-19-2023"]
[Site "Chess.com"]
[Date "2023.09.19"]
[Round "10"]
[White "Zhigalko_Sergei"]
[Black "hellokostya"]
[Result "1-0"]
[WhiteElo "2830"]
[BlackElo "2610"]
[TimeControl "180+1"]
[EndTime "15:55:36 PDT"]
[Termination "Zhigalko_Sergei won by resignation"]

1. e4 c5 2. c3 Nf6 3. e5 Nd5 4. Nf3 e6 5. Bc4 d6 6. d4 cxd4 7. cxd4 Be7 8. O-O O-O 9. Bd2 Nd7 10. Re1 b6 11. Nc3 Nxc3 12. Bxc3 Bb7 13. Qe2 Qc7 14. Bd3 dxe5 15. dxe5 Bxf3 16. Qxf3 g6 17. Bc2 Rac8 18. Re4 Nc5 19. Rg4 Qb7 20. Qe3 Rfd8 21. h4 h5 22. Rf4 Bf8 23. g4 Bh6 24. gxh5 Bxf4 25. Qxf4 Nd3 26.
Qg3 Nb4 27. Bb3 Qe4 28. hxg6 Rd3 29. Qg5 Rh3 30. gxf7+ Kh7 31. Qg2 Qxg2+ 32. Kxg2 Rxh4 33. Bxe6 Rf8 34. Kg3 Rh6 35. Bf5+ Kg7 36. e6+ 1-0

[Event "Late-Titled-Tuesday-Blitz-September-19-2023"]
[Site "Chess.com"]
[Date "2023.09.19"]
[Round "10"]
[White "TC2304"]
[Black "Ready4abattle"]
[Result "1-0"]
[WhiteElo "2378"]
[BlackElo "2308"]
[TimeControl "180+1"]
[EndTime "15:55:37 PDT"]
[Termination "TC2304 won by resignation"]

1. d4 Nf6 2. Nf3 g6 3. Bg5 c5 4.
dxc5 Bg7 5. Nbd2 Qa5 6. e4 Nxe4 7. Be3 Nxc5 8. Be2 Ne6 9. O-O d6 10. Nc4 Qc7 11. Nd4 O-O 12. c3 Nxd4 13. Bxd4 Nc6 14.
Bxg7 Kxg7 15. h4 Be6 16. h5 Ne5 17. Nxe5 dxe5 18. Bf3 Rad8 19. Qa4 b6 20. Rad1 Bc4 21. Rfe1 b5 22. Qa3 f5 23. b3 Bf7 24. Qc1 e4 25. Be2 Rxd1 26. Rxd1 Rd8 27. h6+ Kf8 28. Rxd8+ Qxd8 29. c4 Qc7 30. Qc3 e5 31. Qb4+ Ke8 32. Qxb5+ Kd8 33.
Qa6 f4 34. Bg4 e3 35. fxe3 fxe3 36. Qf6+ Qe7 37. Qh8+ Be8 38. Qg7 Qxg7 39. hxg7 Bf7 40. Bf3 Ke7 41. Bd5 Bxd5 42. cxd5 1-0

[Event "Late-Titled-Tuesday-Blitz-September-19-2023"]
[Site "Chess.com"]
[Date "2023.09.19"]
[Round "10"]
[White "Taran2004"]
[Black "Verony64"]
[Result "1-0"]
[WhiteElo "2435"]
[BlackElo "2284"]
[TimeControl "180+1"]
[EndTime "15:55:38 PDT"]
[Termination "Taran2004 won by resignation"]

1. e4 e5 2. Nf3 d6 3. d4 Nd7 4. Nc3 c6 5. a4 Be7 6. Bc4 Ngf6 7. O-O O-O 8. Be3 Qc7 9. h3 b6 10. Qd2 Bb7 11. Rad1 a6 12. Rfe1 b5 13. Bd3 b4 14.
Ne2 c5 15. dxc5 dxc5 16. b3 Rad8 17. Ng3 g6 18. Qe2 Nb6 19. Nh2 Rd7 20. Ng4 Nxg4 21. Qxg4 Rfd8 22. h4 c4 23. bxc4 Bc8 24. Qe2 Nxa4 25. h5 Nc3 26. Qf3 Nxd1 27. Rxd1 Bc5 28. Bg5 Be7 29. Bxe7 Rxe7 30. h6 Qc6 31. Rb1 a5 32.
Ra1 Qb6 33. Rxa5 Re6 34. Rb5 Qc6 35. Rxb4 Rf6 36. Qe3 Qd6 37. c5 Qe6 38. Rb6 Qe7 39.
Qg5 Re6 40. Qe3 Rxb6 41. cxb6 Qb7 42. Qg5 Rd6 43. Qxe5 Kf8 44. Qxd6+ Qe7 45. Qxe7+ Kxe7 46. Bc4 f6 47. Bd5 Bb7 48. Bxb7 Kd6 49. Bd5 1-0

[Event "Late-Titled-Tuesday-Blitz-September-19-2023"]
[Site "Chess.com"]
[Date "2023.09.19"]
[Round "10"]
[White "Goryachkina"]
[Black "Nf3c5"]
[Result "1-0"]
[WhiteElo "2680"]
[BlackElo "2540"]
[TimeControl "180+1"]
[EndTime "15:55:39 PDT"]
[Termination "Goryachkina won on time"]

1. e4 e5 2. Nf3 Nc6 3. Bc4 Nf6 4. d3 Be7 5. Nc3 O-O 6. a3 d6 7.
O-O Kh8 8. h3 Ng8 9. d4 f5 10.
dxe5 Qe8 11. exd6 Bxd6 12. Re1 f4 13. e5 Bc5 14. Ne4 Bb6 15. e6 Qg6 16. Neg5 Nge7 17. b4 h6 18. Nf7+ Kg8 19. Bb2 Qh5 20. Qd2 Kh7 21.
Qxf4 Ng6 22. Bd3 Nd8 23. e7 Rxf7 24. exd8=Q Rxf4 25. Re8 Bf5 26. Qxa8 Rxf3 27. Rf1 Rxh3 28. gxh3 Qxh3 29. Qxb7 1-0

[Event "Late-Titled-Tuesday-Blitz-September-19-2023"]
[Site "Chess.com"]
[Date "2023.09.19"]
[Round "10"]
[White "SCIM"]
[Black "Mops_2004"]
[Result "0-1"]
[WhiteElo "2579"]
[BlackElo "2805"]
[TimeControl "180+1"]
[EndTime "15:55:41 PDT"]
[Termination "Mops_2004 won on time"]

1. e4 g6 2. d4 Bg7 3. Nc3 d6 4.
Be3 a6 5. Qd2 b5 6. a3 Nd7 7. Nf3 Bb7 8. Bd3 c5 9. O-O cxd4 10. Bxd4 Ngf6 11. Rfe1 O-O 12. Rad1 Qc7 13. h3 Rfe8 14. Bf1 Rad8 15. Nd5 Nxd5 16. Bxg7 Kxg7 17. exd5 Nf6 18. a4 Bxd5 19. axb5 Bxf3 20. gxf3 axb5 21.
Bxb5 Rf8 22. f4 e6 23. Bf1 Kg8 24. b4 d5 25. Qd4 Nh5 26. f5 exf5 27. Rd2 Ng7 28.
b5 Ne6 29. Qf6 d4 30. Bg2 Qc3 31. Rde2 Nf4 32. Re5 Qxc2 33. Qg5 Nxg2 34. Kxg2 d3 35. Rxf5 d2 36. Rxf7 dxe1=Q 0-1

[Event "Late-Titled-Tuesday-Blitz-September-19-2023"]
[Site "Chess.com"]
[Date "2023.09.19"]
[Round "10"]
[White "ukchessbomber"]
[Black "WPWPWP-2015"]
[Result "1-0"]
[WhiteElo "2715"]
[BlackElo "2550"]
[TimeControl "180+1"]
[EndTime "15:55:43 PDT"]
[Termination "ukchessbomber won on time"]

1. b4 d5 2. Bb2 Nf6 3. e3 e6 4. a3 a5 5. b5 Nbd7 6. Nf3 Bd6 7. d4 O-O 8. Bd3 Re8 9. Nbd2 b6 10.
Ne5 Bb7 11. f4 Ne4 12. O-O f6 13. Nc6 Bxc6 14. bxc6 Nb8 15. Nxe4 dxe4 16. Bxe4 Re7 17. c4 Qe8 18. Rc1 f5 19. Bf3 Rf7 20. d5 e5 21.
fxe5 Bxe5 22. Bxe5 Qxe5 23. d6 Na6 24. Bd5 cxd6 25.
Bxf7+ Kxf7 26. Qd5+ Qxd5 27. cxd5 g6 28. Rb1 Rb8 29.
Rfc1 Nc5 30. Rxb6 Rc8 31. Rxc5 dxc5 32. d6 Ra8 33. d7 Ke7 34. Rb5 c4 35. Rc5 Kd6 36.
Rxc4 Kc7 37. Kf2 Rd8 38. h4 1-0

[Event "Late-Titled-Tuesday-Blitz-September-19-2023"]
[Site "Chess.com"]
[Date "2023.09.19"]
[Round "10"]
[White "Dr_crypt"]
[Black "GeorgiosSouleidis"]
[Result "0-1"]
[WhiteElo "2440"]
[BlackElo "2517"]
[TimeControl "180+1"]
[EndTime "15:55:43 PDT"]
[Termination "GeorgiosSouleidis won by resignation"]

1. d4 Nf6 2. Nf3 g6 3. c4 Bg7 4.
Nc3 O-O 5. e4 d6 6. Be2 e5 7. Be3 Ng4 8. Bg5 f6 9. Bc1 Nc6 10. O-O f5 11. dxe5 Ngxe5 12. exf5 Bxf5 13. Nxe5 Bxe5 14. Be3 Qh4 15. g3 Qe7 16. Bf3 Kh8 17. Bg2 Nb4 18. Nd5 Nxd5 19. Qxd5 c6 20. Qd2 Qf6 21. Bg5 Qf7 22. Rac1 a6 23. b3 a5 24. Be3 a4 25. f4 Bg7 26. Qxd6 axb3 27. axb3 Rfe8 28.
Rfe1 Rad8 29. Qc5 Bb2 30. Rcd1 Qg7 31. Rxd8 Rxd8 32. Bf2 Bf6 33. Be4 Bxe4 34. Rxe4 Qd7 35. Bd4 Bxd4+ 0-1

[Event "Late-Titled-Tuesday-Blitz-September-19-2023"]
[Site "Chess.com"]
[Date "2023.09.19"]
[Round "10"]
[White "MathiasWomacka"]
[Black "Rodalquilar"]
[Result "0-1"]
[WhiteElo "2570"]
[BlackElo "2749"]
[TimeControl "180+1"]
[EndTime "15:55:48 PDT"]
[Termination "Rodalquilar won by resignation"]

1. e4 d5 2. exd5 Qxd5 3. Nc3 Qa5 4. d4 Nf6 5. Nf3 Bf5 6. Bd2 e6 7. Bc4 Bb4 8. a3 Bxc3 9. Bxc3 Qb6 10. Ne5 Nc6 11.
Nxc6 Qxc6 12. Qe2 Qxg2 13. O-O-O Bg4 14. f3 Qxf3 15. Qd2 Ne4 16. Qd3 Qxd3 17. Rxd3 Nf2 18. Rg3 Bf5 19. Re1 Ne4 20. Rxg7 Nxc3 21. bxc3 Bg6 22.
Bxe6 Kf8 23. Rxf7+ Bxf7 24. Rf1 Ke7 25. Bxf7 Raf8 26.
Bc4 Rxf1+ 27. Bxf1 Rf8 28. Bd3 h5 29. h4 Rf4 30.
Kd2 Rxh4 31. Ke3 Rg4 32. Be2 Rg3+ 33. Bf3 h4 34. Kf4 c6 35. c4 Rg8 36. Bg4 Kd6 37. c3 b6 38. a4 a6 39. Kf5 Re8 40. Kg5 Re3 41. c5+ bxc5 42. dxc5+ Kxc5 43. Kxh4 Rxc3 0-1

[Event "Late-Titled-Tuesday-Blitz-September-19-2023"]
[Site "Chess.com"]
[Date "2023.09.19"]
[Round "10"]
[White "andrzej"]
[Black "Nekoo04"]
[Result "1-0"]
[WhiteElo "2477"]
[BlackElo "2338"]
[TimeControl "180+1"]
[EndTime "15:55:48 PDT"]
[Termination "andrzej won on time"]

1. e4 c5 2. Nf3 d6 3. d4 cxd4 4.
Nxd4 Nf6 5. Nc3 g6 6. Be3 Bg7 7. f3 O-O 8. Qd2 Nc6 9. O-O-O d5 10. exd5 Nxd5 11. Nxc6 bxc6 12. Bd4 e5 13. Bc5 Be6 14.
Ne4 Re8 15. h4 h6 16. h5 g5 17. g4 Qc7 18. Bc4 Rad8 19. Qf2 a5 20. Rhe1 Nf4 21.
Bxe6 Nxe6 22. Bb6 Rxd1+ 23. Rxd1 Qb7 24. Nd6 Qb8 25. Nxe8 Qxe8 26. Qe3 Qb8 27. Qb3 e4 28. fxe4 a4 29. Qe3 a3 30. b3 Qe5 31. c3 Qb5 32. Bd4 Nxd4 33. cxd4 c5 34. dxc5 Be5 35. Kb1 Bf4 36.
Qd4 Qe2 37. c6 Be5 38. Qd2 Qxe4+ 39. Qd3 Qg2 40. Qc2 Qxg4 41. Rd8+ Kg7 42. c7 Qg1+ 43.
Rd1 Qg4 44. c8=Q 1-0

[Event "Late-Titled-Tuesday-Blitz-September-19-2023"]
[Site "Chess.com"]
[Date "2023.09.19"]
[Round "10"]
[White "Eloist"]
[Black "sergeikim"]
[Result "1-0"]
[WhiteElo "2500"]
[BlackElo "2584"]
[TimeControl "180+1"]
[EndTime "15:55:49 PDT"]
[Termination "Eloist won by checkmate"]

1. e4 e5 2. Bc4 Nf6 3. d3 Bc5 4. Nf3 Nc6 5. O-O d6 6. c3 a6 7. Bb3 Ba7 8. Nbd2 O-O 9. h3 Nh5 10. Nc4 Qf6 11. Ne3 Nf4 12. Nd5 Nxd5 13. exd5 Nd8 14. d4 e4 15. Nd2 Qg6 16. Kh2 f5 17. f4 Nf7 18. Nc4 Nh6 19. Ne3 Kh8 20. Bd2 c6 21. Nc4 Bd7 22. dxc6 bxc6 23. Be3 Rab8 24.
Qd2 Rf6 25. d5 Bxe3 26. Nxe3 c5 27. Bc4 a5 28. b3 Rff8 29. a3 Qf6 30. b4 axb4 31.
axb4 cxb4 32. cxb4 Ra8 33. Ra5 Qh4 34. Qf2 Qf6 35.
Qa2 Rad8 36. Ra7 Qd4 37. Ra3 Rb8 38. Rd1 Qf6 39. Ra7 Be8 40. Rb1 Qh4 41. g3 Qf6 42. Kg2 Qd4 43. Qa3 Bb5 44. Rd1 Qb6 45. Bxb5 Qxb5 46. Qc3 Qe2+ 47. Kg1 Rbc8 48. Qxg7# 1-0

[Event "Late-Titled-Tuesday-Blitz-September-19-2023"]
[Site "Chess.com"]
[Date "2023.09.19"]
[Round "10"]
[White "dretch"]
[Black "ameetghasi100"]
[Result "0-1"]
[WhiteElo "2844"]
[BlackElo "2723"]
[TimeControl "180+1"]
[EndTime "15:55:53 PDT"]
[Termination "ameetghasi100 won on time"]

1. d4 Nf6 2. c4 g6 3. Nc3 Bg7 4. e4 d6 5. Nf3 O-O 6. h3 Nc6 7. d5 Nb4 8. a3 Na6 9. Be3 Nc5 10. Nd2 a5 11. Rb1 e6 12. e5 Ne8 13. exd6 Qxd6 14. Be2 exd5 15. cxd5 Bf5 16. Nc4 Qe7 17. Rc1 b6 18.
O-O Nd6 19. Nxd6 cxd6 20. b4 axb4 21. axb4 Nd7 22. Re1 Rfe8 23. Bb5 h5 24. Na4 Qh4 25. Rc4 Qe7 26. Bd2 Qf6 27. Rxe8+ Rxe8 28. Bc3 Qg5 29.
Bxg7 Kxg7 30. h4 Qf6 31. Bxd7 Bxd7 32. Nxb6 Bb5 33. Rc1 Re4 34. Qd2 Qxh4 35. Qc3+ Kh7 36. Nc8 Qd8 0-1

[Event "Late-Titled-Tuesday-Blitz-September-19-2023"]
[Site "Chess.com"]
[Date "2023.09.19"]
[Round "10"]
[White "SEBAZZANO"]
[Black "jinxy2009"]
[Result "0-1"]
[WhiteElo "2203"]
[BlackElo "2317"]
[TimeControl "180+1"]
[EndTime "15:55:54 PDT"]
[Termination "jinxy2009 won by resignation"]

1. d4 d5 2. Bf4 Nf6 3. e3 e6 4.
Nd2 Bd6 5. Bg3 O-O 6. Ngf3 c5 7. c3 Qc7 8. Bd3 Nbd7 9. O-O e5 10. dxe5 Nxe5 11. Nxe5 Bxe5 12. Bxe5 Qxe5 13. Nf3 Qe7 14. h3 Bd7 15. Qc2 Rfe8 16. a4 Rad8 17. Bb5 a6 18. Bxd7 Rxd7 19. Rfd1 b6 20. Qd3 a5 21.
Rab1 h6 22. Qb5 Qe6 23. b4 Ne4 24. Rbc1 axb4 25. cxb4 c4 26. Nd4 Qe7 27. Qxb6 Rd6 28. Qb5 Rg6 29. Qxd5 Nxf2 30. Kxf2 Qxe3+ 31. Kf1 Rf6+ 32. Nf3 Re4 33. Qd8+ Kh7 34. Qd2 Rxf3+ 35. gxf3 Qxf3+ 36. Qf2 Qxh3+ 37. Qg2 Rf4+ 38. Kg1 Rg4 39. Rd2 Rxg2+ 40.
Rxg2 Qe3+ 41. Kh2 Qxc1 0-1

[Event "Late-Titled-Tuesday-Blitz-September-19-2023"]
[Site "Chess.com"]
[Date "2023.09.19"]
[Round "10"]
[White "krzyzan94"]
[Black "artin10862"]
[Result "1-0"]
[WhiteElo "2816"]
[BlackElo "2913"]
[TimeControl "180+1"]
[EndTime "15:55:56 PDT"]
[Termination "krzyzan94 won on time"]

1. e4 c5 2. Nf3 d6 3. d4 cxd4 4. Nxd4 Nf6 5. Nc3 a6 6. Be2 e6 7. Be3 Be7 8. g4 h6 9. h4 Nfd7 10. Qd2 b5 11. O-O-O Bb7 12. a3 Nc5 13. g5 Nxe4 14.
Nxe4 Bxe4 15. f3 Bb7 16. gxh6 gxh6 17. Bxh6 Nd7 18. Kb1 Qc7 19. h5 O-O-O 20. Bg7 Bf6 21. Bxh8 Bxh8 22. h6 Bd5 23. h7 Ne5 24. Rh5 Kb8 25. Rg5 Ng6 26. Rc1 Rc8 27. f4 Bf6 28. Rh5 Qb6 29. c3 Ne7 30. Bf3 Bc4 31. Bg2 a5 32.
Qe3 Qc7 33. Qf3 Bd5 34. Qf2 Bc4 35. Nxb5 Bxb5 36. Rxb5+ 1-0

[Event "Late-Titled-Tuesday-Blitz-September-19-2023"]
[Site "Chess.com"]
[Date "2023.09.19"]
[Round "10"]
[White "GlavkonVVS"]
[Black "YEIKO2017"]
[Result "1-0"]
[WhiteElo "2607"]
[BlackElo "2471"]
[TimeControl "180+1"]
[EndTime "15:55:59 PDT"]
[Termination "GlavkonVVS won by resignation"]

1. Nf3 c5 2. c4 g6 3. Nc3 Bg7 4.
g3 Nf6 5. Bg2 O-O 6. d3 Nc6 7. a3 d5 8. Rb1 dxc4 9. dxc4 Bf5 10. Ra1 Qxd1+ 11. Nxd1 Nd4 12. Nxd4 cxd4 13. Bxb7 Rab8 14.
Ba6 d3 15. Ne3 Be4 16. f3 Bc6 17. exd3 Bxf3 18. Rf1 Bc6 19. b4 Ne4 20. Ra2 Nc3 21. Rd2 Rfd8 22. b5 Ba8 23. Bb2 Ne4 24. Bxg7 Nxd2 25.
Kxd2 Kxg7 26. Kc3 e5 27. c5 f5 28. Nc4 e4 29. d4 Bd5 30. Ne3 Bf7 31. c6 Re8 32. d5 Rbd8 33. Rd1 Kf6 34. Kd4 g5 35. c7 Rc8 36. Bxc8 Rxc8 37. Rc1 f4 38. Rc6+ Ke7 39.
gxf4 gxf4 40. Nf5+ Kd7 41. Nd6 Bg6 42. Nxe4 Rxc7 43.
Nc5+ Kc8 44. Ne6 Rxc6 45. bxc6 f3 46. Ke3 Be4 47. Nf4 Kc7 48. Ne6+ Kd6 49. c7 Kd7 50. Nc5+ 1-0

[Event "Late-Titled-Tuesday-Blitz-September-19-2023"]
[Site "Chess.com"]
[Date "2023.09.19"]
[Round "10"]
[White "Orest_Vovk"]
[Black "djano"]
[Result "0-1"]
[WhiteElo "2556"]
[BlackElo "2637"]
[TimeControl "180+1"]
[EndTime "15:56:00 PDT"]
[Termination "djano won on time"]

1. e4 c5 2. Nf3 Nc6 3. Bb5 e5 4. a4 Nge7 5. O-O g6 6. d3 Bg7 7. Nc3 O-O 8. Nd5 d6 9. Bg5 f6 10. Bc4 Kh8 11. Bd2 Nxd5 12. Bxd5 Ne7 13. Bb3 d5 14.
Qe2 Be6 15. Be3 Rc8 16. c4 d4 17. Bd2 g5 18. Bc2 Ng6 19. g3 Bg4 20. Bd1 Qd7 21. b4 b6 22. a5 f5 23. axb6 axb6 24. bxc5 bxc5 25. Qe1 h6 26. Kh1 Qb7 27. Ng1 Bxd1 28. Rxd1 fxe4 29. Qxe4 Qxe4+ 30. dxe4 Rb8 31. Ba5 Rb2 32.
Kg2 Rc2 33. Bc7 Rc8 34. Bd6 Rc6 35. Bb8 Rxc4 36. Nf3 Rb4 37. Rb1 Rcb6 38. Rxb4 cxb4 39. Bc7 Rb7 40. Ba5 b3 41. Rb1 Bf8 42. Nd2 Ra7 43. Nc4 Ne7 44. Rxb3 Nc6 0-1

[Event "Late-Titled-Tuesday-Blitz-September-19-2023"]
[Site "Chess.com"]
[Date "2023.09.19"]
[Round "10"]
[White "Firouzja2003"]
[Black "nihalsarin"]
[Result "0-1"]
[WhiteElo "3068"]
[BlackElo "3140"]
[TimeControl "180+1"]
[EndTime "15:56:04 PDT"]
[Termination "nihalsarin won on time"]

1. e4 c6 2. d4 d5 3. e5 Bf5 4. Nf3 e6 5. Be2 Nd7 6. O-O Bg6 7. a4 Nh6 8. a5 a6 9. Nbd2 Be7 10. c4 O-O 11. Qb3 Rb8 12. cxd5 cxd5 13. Re1 Nf5 14. h3 h6 15. Bf1 b6 16. axb6 Rxb6 17. Qd1 Rb4 18. Ra4 Qb6 19. Rxa6 Qb7 20. Ra4 Ra8 21. Rxb4 Qxb4 22. Nb3 Rb8 23. Na1 Nh4 24. Nxh4 Bxh4 25.
Re3 Rc8 26. Ra3 Be4 27. g3 Bd8 28. Qd2 Qb6 29. Rc3 Ra8 30. Nb3 Bg5 31. f4 Be7 32. Qf2 Bb4 33. Re3 Rc8 34. Bd2 Rc2 35. Qe1 Bxd2 36.
Nxd2 Qxd4 37. Nxe4 dxe4 38. Kh1 Nc5 39. Rc3 Nd3 40.
Bxd3 exd3 0-1

[Event "Late-Titled-Tuesday-Blitz-September-19-2023"]
[Site "Chess.com"]
[Date "2023.09.19"]
[Round "10"]
[White "Hrant_ChessMood"]
[Black "Parhamov"]
[Result "0-1"]
[WhiteElo "2905"]
[BlackElo "3032"]
[TimeControl "180+1"]
[EndTime "15:56:05 PDT"]
[Termination "Parhamov won on time"]

1. d4 Nf6 2. c4 e6 3. Nf3 Bb4+ 4.
Nc3 O-O 5. Bg5 h6 6. Bh4 Bxc3+ 7. bxc3 d6 8. Nd2 e5 9. e4 c5 10. Bd3 Re8 11. O-O g5 12. Bg3 Nc6 13. d5 Ne7 14.
Re1 Ng6 15. Nf1 h5 16. f3 h4 17. Bf2 Nf4 18. Ne3 N6h5 19. Bf1 Qf6 20. Ng4 Qg7 21.
Rb1 f5 22. exf5 Bxf5 23. Rb2 Rf8 24. g3 Ng6 25. Ne3 Bc8 26. Bd3 Rf7 27. Be4 hxg3 28.
hxg3 Ne7 29. Ng4 b6 30. Kg2 Bxg4 31. fxg4 Nf6 32. Bb1 Raf8 33. Be3 e4 34. Rf2 b5 35. Ref1 bxc4 36. Qd2 Nexd5 37. Bxg5 e3 38. Bxe3 Nxe3+ 39. Qxe3 Nxg4 40. Qe6 Nxf2 41. Rxf2 Qe5 42. Bf5 Re8 43. Qg6+ Rg7 44. Qg5 Rxg5 0-1

[Event "Late-Titled-Tuesday-Blitz-September-19-2023"]
[Site "Chess.com"]
[Date "2023.09.19"]
[Round "10"]
[White "SpeedofLight0"]
[Black "maciek_92"]
[Result "0-1"]
[WhiteElo "3066"]
[BlackElo "2775"]
[TimeControl "180+1"]
[EndTime "15:56:11 PDT"]
[Termination "maciek_92 won on time"]

1. d4 Nf6 2. Bf4 d5 3. Nf3 c5 4.
e3 Nc6 5. Nbd2 Nh5 6. dxc5 Nxf4 7. exf4 Qa5 8. c3 Qxc5 9. Bd3 g6 10. Kf1 Qd6 11.
g3 Bh3+ 12. Kg1 Bg7 13. Ng5 Bd7 14. Kg2 O-O 15. Re1 e5 16. fxe5 Nxe5 17. Nb3 h6 18.
Nf3 Bg4 19. Be2 Bf5 20. Nxe5 Bxe5 21. Bf3 Rad8 22. Qd2 h5 23. Rad1 h4 24. Qxd5 h3+ 25.
Kg1 Qxd5 26. Rxd5 Bc7 27. Rxd8 Rxd8 28. Bxb7 Bb6 29. Bf3 Bc2 30. Kf1 Bxb3 31. axb3 Rd2 32. Re2 Rd1+ 33. Re1 Rd2 34. Be2 Rxb2 35. b4 Kg7 36.
Rd1 f5 37. g4 f4 38. Rd3 f3 39. Bxf3 Rxf2+ 40. Ke1 Rxh2 41. Bd5 Kf6 42. c4 Kg5 43. c5 Bc7 44. Kf1 Kh4 45. Be4 g5 46. Rd7 Bf4 47. c6 Ra2 48. Rh7+ Kg3 49. Ke1 Ra3 50.
Kd1 Rc3 51. b5 Kf2 0-1

[Event "Late-Titled-Tuesday-Blitz-September-19-2023"]
[Site "Chess.com"]
[Date "2023.09.19"]
[Round "10"]
[White "FairChess_on_YouTube"]
[Black "BillieKimbah"]
[Result "1-0"]
[WhiteElo "3080"]
[BlackElo "2979"]
[TimeControl "180+1"]
[EndTime "15:56:16 PDT"]
[Termination "FairChess_on_YouTube won by resignation"]

1. d4 Nf6 2. c4 e6 3. Nf3 Bb4+ 4.
Bd2 Bxd2+ 5. Nbxd2 d6 6. g3 O-O 7.
Bg2 Qe7 8. Nf1 e5 9. Ne3 c6 10.
O-O e4 11. Nd2 d5 12. Rc1 Be6 13. Qb3 h5 14. Rc3 h4 15. Rfc1 h3 16. Bf1 Na6 17. cxd5 Nxd5 18. Nxd5 Bxd5 19. Qa3 Qf6 20. e3 Nc7 21. Bxh3 Ne6 22. Bg2 Qf5 23. Qd6 Rfe8 24.
Qe5 Qxe5 25. dxe5 Ng5 26. h4 Nf3+ 27. Bxf3 exf3 28. e4 Be6 29. Nxf3 a5 30. a3 Rad8 31. Kg2 Bg4 32. Nh2 Bc8 33. Nf3 Bg4 34. Rb3 Rd7 35.
Rc5 a4 36. Rb4 Red8 37. Rxa4 Rd3 38. Nh2 Be2 39. Rb4 R8d7 40. Rc2 Bd1 41. Rc3 Rd2 42. Nf1 R2d4 43. Rxd4 Rxd4 44. f3 Kf8 45. Kf2 Ba4 46. Ke3 Rd1 47. Nd2 Bb5 48. b3 Re1+ 49. Kf4 Ke8 50. Nc4 Ke7 51. Nd6 Ba6 52. Nf5+ Kf8 53. h5 g6 54. hxg6 fxg6 55. Nd6 1-0